 Dungeon Crawl Stone Soup version 0.18.1-5-g4a78601 (webtiles) character file.

639 dracos369 the Ruffian (level 7, 0/66 HPs)
             Began as a Troll Monk on May 13, 2016.
             Was a Believer of Yredelemnul.
             Slain by a slave (10 damage)
             ... led by Pikel
             ... on level 5 of the Dungeon.
             The game lasted 00:09:53 (3082 turns).

dracos369 the Ruffian (Troll Monk)                  Turns: 3082, Time: 00:09:54

Health: 0/66       AC:  8    Str: 25    XL:     7   Next: 26%
Magic:  8/8        EV: 11    Int:  6    God:    Yredelemnul [**....]
Gold:   137        SH:  0    Dex: 19    Spells: 0 memorised, 6 levels left

rFire  . . .     SeeInvis .       - Unarmed
rCold  . . .     Gourm    +     a - +0 robe
rNeg   . . .     Faith    .     (no shield)
rPois  .         Spirit   .     (helmet restricted)
rElec  .         Dismiss  .     z - +2 cloak
rCorr  .         Reflect  .     (gloves unavailable)
SustAt .         Harm     .     (boots unavailable)
MR     .....                    (no amulet)
Stlth  ++........               i - +3 ring of dexterity
                                e - +5 ring of strength

@: lethally poisoned (0 -> 0), not resistant to hostile enchantments, unstealthy
A: unfitting armour, claws 3, agile 1, blink, fast metabolism 3, gourmand,
mutation resistance 1, regeneration 2, shaggy fur 1, tough skin 2
a: Blink, Animate Remains, Recall Undead Slaves, Injury Mirror, Renounce
Religion


You were on level 5 of the Dungeon.
You worshipped Yredelemnul.
Yredelemnul was pleased with you.
You were completely stuffed.

You visited 1 branch of the dungeon, and saw 5 of its levels.

You collected 305 gold pieces.
You spent 168 gold pieces at shops.

Inventory:

Armour
 a - a +0 robe (worn)
 z - a +2 cloak (worn)
Jewellery
 e - a +5 ring of strength (left claw)
 i - a +3 ring of dexterity (right claw)
 l - an uncursed ring of protection from cold
 y - an uncursed ring of positive energy
Scrolls
 g - a scroll of random uselessness {unknown}
 m - a scroll of immolation {unknown}
 o - 4 scrolls of remove curse
 p - 2 scrolls of recharging {unknown}
 t - 3 scrolls of enchant weapon {unknown}
 u - a scroll of magic mapping
 v - a scroll of amnesia {unknown}
 w - 3 scrolls of teleportation {unknown}
Potions
 c - 2 potions of haste
 f - 2 potions of flight
 j - a potion of resistance {unknown}
 k - a potion of cure mutation
 n - 2 potions of might
 q - 2 potions of heal wounds {unknown}
 s - a potion of degeneration {unknown}
 x - 2 potions of curing
 A - a potion of invisibility {unknown}
Comestibles
 b - 7 bread rations
 d - a meat ration
 h - 5 fruits
 r - 3 slices of pizza


   Skills:
 - Level 2.4 Fighting
 - Level 2.4 Dodging
 - Level 1.1 Stealth
 + Level 7.9 Unarmed Combat
 + Level 3.4 Invocations


You had 6 spell levels left.
You didn't know any spells.

Dungeon Overview and Level Annotations

Branches:
Dungeon (5/15)             Temple (0/1) D:4

Altars:
Fedhas
Pakellas
Sif Muna
Vehumet
Yredelemnul
The Shining One

Shops:
D:4 *

Annotations:
D:5 Pikel


Innate Abilities, Weirdness & Mutations

You are too large for most types of armour.
You have claws for hands.
Your metabolism is lightning-fast.
You like to eat raw meat.
You heal very quickly.
You are covered in fur (AC +1).
You have very tough skin (AC +2).
You are agile. (Dex +2)
You can translocate small distances at will.
You are somewhat resistant to further mutation.


Message History

The hound skeleton closely misses you. The slave hits you!
The hippogriff bites you. The hippogriff pecks you!
* * * LOW HITPOINT WARNING * * *
The hippogriff barely misses you.
You barely miss the slave.
The slave is almost dead.
Pikel completely misses you. The slave hits you.
* * * LOW HITPOINT WARNING * * *
The hound skeleton closely misses you. The slave hits you but does no damage.
The hippogriff closely misses you. The hippogriff pecks you.
* * * LOW HITPOINT WARNING * * *
The hippogriff claws you but does no damage.
You barely miss the slave. Pikel closely misses you.
The hound skeleton bites you but does no damage.
The slave hits you.
* * * LOW HITPOINT WARNING * * *
Unknown command.
You barely miss the slave.
You feel sick. The slave hits you!
You die...
Your body rises from the dead as a mindless zombie.

#..............#
#..............#
#..............#
#......$......#
#.............#
#.............#
#>.......pK...#
#........@Hp.#
#........pZ...#
##........p....#
#........###....
##....#### .##
##### #


You could see Pikel, a hippogriff, 4 slaves and a hound skeleton.

Vanquished Creatures
  2 scorpions (D:4)
  A howler monkey (D:4)
  A hound (D:5)
  A jelly (D:5)
  An orc wizard (D:3)
  Crazy Yiuf (D:3)
  An orc priest (D:5)
  Ijyb (D:3)
  Terence (D:3)
  6 worker ants
  2 hound skeletons (D:4)
  2 adders
  An ooze (D:1)
  A gnoll zombie (D:3)
  3 worms
  A dart slug (D:3)
  4 giant geckos
  18 orcs
  6 giant cockroaches
  3 goblins (D:1)
  7 hobgoblins
  6 jackals
  A quokka (D:2)
  2 ball pythons
  4 bats
  5 giant newts
  8 kobolds
  9 rats
  A spectral orc (D:3)
  A fungus (D:3)
101 creatures vanquished.

Vanquished Creatures (collateral kills)
  An adder (D:4)
1 creature vanquished.

Vanquished Creatures (others)
  A giant gecko zombie (D:5)
  An orc zombie (D:5)
2 creatures vanquished.

Grand Total: 104 creatures vanquished

Notes
Turn   | Place    | Note
--------------------------------------------------------------
     0 | D:1      | dracos369 the Troll Monk began the quest for the Orb.
     0 | D:1      | Reached XP level 1. HP: 22/22 MP: 0/0
    84 | D:1      | Reached XP level 2. HP: 26/29 MP: 1/1
   310 | D:1      | Reached skill level 5 in Unarmed Combat
   312 | D:1      | Reached XP level 3. HP: 36/36 MP: 2/2
  1146 | D:3      | Noticed Terence
  1159 | D:3      | Killed Terence
  1159 | D:3      | Reached XP level 4. HP: 41/44 MP: 3/3
  1392 | D:3      | Reached skill level 6 in Unarmed Combat
  1464 | D:3      | Reached XP level 5. HP: 50/50 MP: 4/4
  2001 | D:3      | Found a basalt altar of Yredelemnul.
  2013 | D:3      | Became a worshipper of Yredelemnul the Dark
  2013 | D:3      | Reached * piety under Yredelemnul
  2013 | D:3      | Reached ** piety under Yredelemnul
  2108 | D:3      | Noticed Crazy Yiuf
  2110 | D:3      | Noticed Ijyb
  2127 | D:3      | Killed Ijyb
  2128 | D:3      | Killed Crazy Yiuf
  2128 | D:3      | Reached skill level 1 in Invocations
  2306 | D:4      | Reached skill level 7 in Unarmed Combat
  2321 | D:4      | Reached XP level 6. HP: 59/59 MP: 6/6
  2382 | D:4      | Found a glowing golden altar of the Shining One.
  2382 | D:4      | Found a deep blue altar of Sif Muna.
  2382 | D:4      | Found a blossoming altar of Fedhas.
  2383 | D:4      | Found a radiant altar of Vehumet.
  2605 | D:4      | Gained mutation: You can translocate small distances at will. [potion of mutation]
  2605 | D:4      | Gained mutation: You are agile. (Dex +2) [potion of mutation]
  2605 | D:4      | Gained mutation: You are somewhat resistant to further mutation. [potion of mutation]
  2636 | D:4      | Found a staircase to the Ecumenical Temple.
  2651 | D:4      | Found Vonolon's Assorted Antiques.
  2656 | D:4      | Bought a tubular granite ring for 140 gold pieces
  2656 | D:4      | Bought a scroll labeled PALAIJ QEWKA XUA for 28 gold pieces
  2832 | D:5      | Entered Level 5 of the Dungeon
  2843 | D:5      | Reached XP level 7. HP: 31/66 MP: 8/8
  3062 | D:5      | Found an oddly glowing altar of Pakellas.
  3071 | D:5      | Noticed a hippogriff
  3072 | D:5      | Noticed Pikel
  3082 | D:5      | Slain by a slave

Skill      XL: |  1  2  3  4  5  6 |
---------------+-------------------+-----
Unarmed Combat | 5 6 7 |  7.9
Invocations    | 1 3 |  3.4
Fighting       | |  2.4
Dodging        | |  2.4
Stealth        | |  1.1

Action                   |  1- 3 |  4- 6 |  7- 9 || total
-------------------------+-------+-------+-------++-------
Melee: Unarmed           |    91 |   136 |    36 ||   263
       Punch             |     3 |     6 |     2 ||    11
Invok: Animate Remains   |       |     5 |     5 ||    10
  Use: Scroll            |       |     8 |       ||     8
       Potion            |       |     2 |       ||     2
 Stab: Sleeping          |     3 |     4 |       ||     7
       Distracted        |       |       |     1 ||     1
  Eat: Chunk             |     9 |    23 |     4 ||    36
Armor: Robe              |    32 |    40 |    26 ||    98
Dodge: Dodged            |    36 |    57 |    27 ||   120
